 Dungeon Crawl Stone Soup version 0.19.5 (webtiles) character file.

2942 equalderp2856 the Covert (level 9, 0/65 HPs)
             Began as a Mummy Fighter on Mar 30, 2017.
             Slain by a hog (3 damage)
             ... on level 8 of the Dungeon.
             The game lasted 00:33:45 (10145 turns).

equalderp2856 the Covert (Mummy Fighter)           Turns: 10145, Time: 00:33:47

Health: 0/65       AC: 20    Str: 20    XL:     9   Next: 51%
Magic:  10/10      EV:  2    Int:  9    God:
Gold:   212        SH: 15    Dex: 12    Spells: 0 memorised, 8 levels left

rFire  x . .     SeeInvis .     r - +1 long sword (protect)
rCold  + . .     Gourm    .     Y - +0 plate armour
rNeg   + + +     Faith    .     H - +1 large shield
rPois  ∞         Spirit   .     A - +2 hat
rElec  .         Reflect  .     (no cloak)
rCorr  .         Harm     .     (no gloves)
MR     +....                    (no boots)
Stlth  ..........               (no amulet)
                                (no ring)
                                G - ring of loudness

@: protection aura, very slightly contaminated
A: no food or potions, fire vulnerability, cold resistance 1, negative energy
resistance 3, torment resistance, unbreathing
a: no special abilities


You were on level 8 of the Dungeon.
You were not hungry.

You visited 1 branch of the dungeon, and saw 8 of its levels.

You collected 212 gold pieces.

Inventory:

Hand Weapons
 a - a +0 long sword
 j - a +0 dagger
 o - a +0 quarterstaff
 r - a +1 long sword of protection (weapon)
 s - a -2 club
 x - a +0 spear of venom
 J - a +0 hunting sling
 K - a +0 giant club
 O - a +4 falchion
 P - a +0 falchion
 Q - a +2 short sword
 W - a +0 shortbow
Missiles
 f - a throwing net (quivered)
 k - 275 stones
 v - 30 sling bullets
 C - 8 needles of sleeping
 I - 60 bolts
 V - 45 arrows
Armour
 b - a +0 scale mail
 c - a +0 shield
 g - a +0 buckler
 l - a +0 robe
 p - a +0 robe
 t - a +1 robe of cold resistance
 y - a +0 animal skin
 z - a +0 helmet
 A - a +2 hat (worn)
 D - a +0 robe
 H - a +1 large shield (worn)
 R - a +0 robe
 S - a +0 robe
 T - a +0 scale mail
 Y - a +0 plate armour (worn)
 Z - a +0 robe
Jewellery
 d - an uncursed ring of protection from fire
 B - an uncursed amulet of faith
 G - a ring of loudness (left hand)
Wands
 u - a wand of disintegration (18/24)
Scrolls
 h - 4 scrolls of identify
 i - 2 scrolls of enchant armour
 m - 2 scrolls of noise
 n - a scroll of amnesia
 q - 4 scrolls of remove curse
 E - 2 scrolls of enchant weapon
Books
 L - a book of Changes

   Spells                             Type                      Level
   a - Beastly Appendage              Transmutation                1
   b - Sticks to Snakes               Transmutation                2
   c - Spider Form                    Transmutation/Poison         3
   d - Ice Form                       Ice/Transmutation            4
   e - Blade Hands                    Transmutation                5
 M - a book of Frost

   Spells                             Type                      Level
   a - Freeze                         Ice                          1
   b - Throw Frost                    Conjuration/Ice              2
   c - Ozocubu's Armour               Charms/Ice                   3
   d - Throw Icicle                   Conjuration/Ice              4
   e - Summon Ice Beast               Ice/Summoning                4
 U - a book of Power

   Spells                             Type                      Level
   a - Fulminant Prism                Conjuration/Hexes            4
   b - Iskenderun's Mystic Blast      Conjuration                  4
   c - Venom Bolt                     Conjuration/Poison           5
   d - Bolt of Magma                  Conjuration/Fire/Earth       5
   e - Iron Shot                      Conjuration/Earth            6
   f - Orb of Destruction             Conjuration                  7
   g - Spellforged Servitor           Conjuration/Summoning        7
 X - a book of Minor Magic

   Spells                             Type                      Level
   a - Magic Dart                     Conjuration                  1
   b - Blink                          Translocation                2
   c - Call Imp                       Summoning                    2
   d - Repel Missiles                 Charms/Air                   2
   e - Slow                           Hexes                        2
   f - Conjure Flame                  Conjuration/Fire             3
   g - Mephitic Cloud                 Conjuration/Poison/Air       3


   Skills:
 + Level 4.2 Fighting
 + Level 5.1 Long Blades
 + Level 3.5 Armour
 + Level 2.7 Dodging
 + Level 8.4 Stealth
 + Level 4.2 Shields
 + Level 1.4 Evocations


You had 8 spell levels left.
You didn't know any spells.

Dungeon Overview and Level Annotations

Branches:
Dungeon (8/15)             Temple (0/1) D:5
   Lair: D:8-11

Altars:
Elyvilon
Fedhas
Gozag
Okawaru
Qazlal
Ru
Sif Muna
Trog
Vehumet
Yredelemnul
Zin

Shops:
D:4 }

Annotations:
D:4 dngmouse's ghost, amateur MiFi
D:5 exclusion: oklob sapling
D:7 Pikel


Innate Abilities, Weirdness & Mutations

You do not eat or drink.
Your flesh is vulnerable to fire.
You are immune to poison.
Your flesh is cold resistant. (rC+)
You are immune to negative energy. (rN+++)
You are immune to unholy pain and torment.
You can survive without breathing.


Message History

The quokka bites you but does no damage.
You block the hog's attack.
You closely miss the hog.
The hog is heavily wounded.
You block the quokka's attack. The hog bites you but does no damage.
The quokka barely misses you.
You riposte.
You closely miss the quokka. You block the hog's attack.
You closely miss the hog.
The hog is heavily wounded.
The quokka bites you.
* * * LOW HITPOINT WARNING * * *
The hog bites you.
* * * LOW HITPOINT WARNING * * *
You slash the hog!
Your weapon exudes an aura of protection.
The hog is severely wounded.
The hog bites you.
* * * LOW HITPOINT WARNING * * *
You block the quokka's attack. The hog bites you.
You die...

##+#####
.#+##......#
...........#
...........#
...........#
.......@...#
.......rh..#
...(......%#
#####.....##
#.....+
#.....#
#.....#
#.....#


You could see a hog and a quokka.

Vanquished Creatures
  The ghost of sveltemanboy the Martial Artist, a novice DsMo (D:6)
  Menkaure (D:6)
  An orc warrior (D:6)
  3 ice beasts
  A sky beast (D:5)
  A phantom (D:7)
  3 ogres
  2 centaurs
  Blork the orc (D:5)
  2 bullfrogs
  A wyvern zombie (D:6)
  A water moccasin skeleton (D:7)
  A scorpion (D:6)
  A killer bee (D:7)
  3 wights (D:6)
  2 howler monkeys (D:6)
  A bullfrog zombie (D:5)
  A crimson imp (D:6)
  A jelly (D:6)
  An orc priest (D:4)
  2 hounds
  A bullfrog skeleton (D:6)
  3 iguanas
  3 orc wizards
  3 worker ants
  A hound skeleton (D:4)
  Robin (D:3)
  A howler monkey skeleton (D:5)
  3 gnolls (D:6)
  10 adders
  A shadow imp (D:5)
  3 worms
  2 dart slugs
  5 leopard geckos
  23 orcs
  8 bats
  3 giant cockroaches
  12 goblins
  14 hobgoblins
  7 jackals
  6 quokkas
  3 ball pythons
  3 frilled lizards
  A jackal skeleton (D:6)
  6 kobolds
  A leopard gecko skeleton (D:6)
  2 rats
  A spectral orc (D:6)
158 creatures vanquished.

Vanquished Creatures (others)
  A wizard (D:3)
  A rat (D:3)
  A plant (D:5)
3 creatures vanquished.

Grand Total: 161 creatures vanquished

Notes
Turn   | Place    | Note
-------+----------+-------------------------------------------
     0 | D:1      | equalderp2856 the Mummy Fighter began the quest for the Orb.
     0 | D:1      | Reached XP level 1. HP: 18/18 MP: 1/1
   131 | D:1      | Reached XP level 2. HP: 24/24 MP: 2/2
  1029 | D:2      | Reached XP level 3. HP: 11/29 MP: 3/3
  1787 | D:2      | Reached XP level 4. HP: 32/35 MP: 4/4
  2448 | D:3      | Found a glowing silver altar of Zin.
  2604 | D:3      | Found a radiant altar of Vehumet.
  2642 | D:3      | Noticed Robin
  2673 | D:3      | Reached skill level 1 in Dodging
  2889 | D:3      | Killed Robin
  3039 | D:3      | Found a bloodstained altar of Trog.
  3041 | D:3      | Noticed a wizard
  3047 | D:3      | Killed a wizard
  3210 | D:3      | Reached XP level 5. HP: 41/41 MP: 5/5
  3470 | D:4      | Found a sacrificial altar of Ru.
  3477 | D:4      | Noticed dngmouse's ghost (amateur MiFi)
  3659 | D:4      | Noticed an ogre
  3975 | D:3      | Killed an ogre
  3975 | D:3      | Reached XP level 6. HP: 31/47 MP: 6/6
  4104 | D:4      | Found Wutof's Gadget Boutique.
  5023 | D:4      | Reached skill level 1 in Stealth
  5896 | D:5      | Entered Level 5 of the Dungeon
  5922 | D:4      | Reached skill level 2 in Stealth
  6305 | D:5      | Reached skill level 3 in Stealth
  6305 | D:5      | Reached XP level 7. HP: 48/53 MP: 7/7
  6318 | D:5      | Found a staircase to the Ecumenical Temple.
  6356 | D:5      | Found a stormy altar of Qazlal.
  6429 | D:5      | Reached skill level 4 in Stealth
  6510 | D:5      | Found a white marble altar of Elyvilon.
  6533 | D:5      | Noticed Blork the orc
  6553 | D:5      | Killed Blork the orc
  6614 | D:5      | Found an opulent altar of Gozag.
  7217 | D:5      | Reached skill level 5 in Stealth
  7505 | D:5      | Found a deep blue altar of Sif Muna.
  7706 | D:6      | Reached skill level 1 in Evocations
  7708 | D:6      | Noticed Menkaure
  7717 | D:6      | Killed Menkaure
  7717 | D:6      | Reached XP level 8. HP: 46/60 MP: 7/9
  7842 | D:5      | Reached skill level 6 in Stealth
  8059 | D:6      | Noticed sveltemanboy's ghost (novice DsMo)
  8118 | D:6      | Killed sveltemanboy's ghost
  8118 | D:6      | Reached skill level 8 in Stealth
  8481 | D:6      | Reached XP level 9. HP: 41/65 MP: 10/10
  8553 | D:6      | Found an iron altar of Okawaru.
  9527 | D:6      | Found a basalt altar of Yredelemnul.
 10020 | D:7      | Reached skill level 5 in Long Blades
 10097 | D:7      | Noticed Pikel
 10134 | D:7      | Found a blossoming altar of Fedhas.
 10145 | D:8      | HP: 3/65 [hog (5)]
 10145 | D:8      | Slain by a hog

Skill      XL: |  1  2  3  4  5  6  7  8  9 |
---------------+----------------------------+-----
Long Blades    | 2 3 5 |  5.1
Armour         | 3 |  3.5
Dodging        | 1 2 |  2.7
Shields        | 3 4 |  4.2
Stealth        | 3 5 8 |  8.4
Evocations     | 1 |  1.4
Fighting       | 4 |  4.2

Action                   |  1- 3 |  4- 6 |  7- 9 || total
-------------------------+-------+-------+-------++-------
Melee: Long sword        |   129 |   284 |   459 ||   872
  Use: Scroll            |       |       |    13 ||    13
 Stab: Sleeping          |       |       |     2 ||     2
Armor: Scale mail        |    72 |    16 |    83 ||   171
       Robe              |       |   109 |    32 ||   141
       Plate armour      |       |       |    72 ||    72
Dodge: Dodged            |    58 |   204 |   103 ||   365
Block: Shield            |    86 |    36 |       ||   122
       Large shield      |       |       |   354 ||   354
       Rpst.: Long sword |    13 |    71 |    34 ||   118
